 Dungeon Crawl Stone Soup version 0.32-a0-711-g016ad74 (webtiles) character file.

Game seed: 4971727596324000883

8885 PidgeyThePirate the Skirmisher (level 11, 0/86 HPs)
             Began as a Coglin Hunter on Mar 15, 2024.
             Was a Believer of Okawaru.
             Slain by Erica
             ... wielding a +4 scimitar of flaming
              (1 damage)
             ... on level 2 of the Lair of Beasts.
             The game lasted 00:20:14 (10318 turns).

PidgeyThePirate the Skirmisher (Coglin Hunter)     Turns: 10318, Time: 00:20:15

Health: 0/86       AC:  8    Str: 15    XL:     11   Next: 37%
Magic:  11/11      EV:  1    Int: 11    God:    Okawaru [**....]
Gold:   540        SH:  0    Dex: 19    Spells: 10/10 levels left

rFire   x . .        a - +2 sling {Manveen}
rCold   . . .        d - +5 sling "Vixe" {drain, rPois Int+3}
rNeg    . . .        r - +2 ring mail {rPois}
rPois   +            (no helmet)
rElec   .            (no cloak)
rCorr   .            (no gloves)
SInv    +            (no boots)
Will    .....        (amulet unavailable)
Stlth   ++           (ring unavailable)
HPRegen 0.34/turn    (ring unavailable)
MPRegen 0.12/turn    (no gizmo)

%: no passive effects
@: lethally poisoned (0 -> -12), constricted, revved
A: off-hand wielding, slow wielding, warmup strikes, no jewellery, see
invisible, heat vulnerability 1, inability to drink after injury 1
a: Invent Gizmo, Renounce Religion, Heroism


You were on level 2 of the Lair of Beasts.
You worshipped Okawaru.
Okawaru was pleased with you.
You visited 3 branches of the dungeon, and saw 12 of its levels.

You collected 540 gold pieces.

Inventory:

Hand Weapons
 a - a +2 sling (weapon) {Manveen}
 d - the +5 sling "Vixe" (offhand) {drain, rPois Int+3}
   (You acquired it on level 7 of the Dungeon)

   Int+3:     It affects your intelligence (+3).
   rPois:     It protects you from poison.
Missiles
 t - 2 throwing nets
Armour
 c - a +0 leather armour
 r - a +2 ring mail of poison resistance (worn)
Wands
 f - a wand of mindburst (1)
 q - a wand of flame (27)
Scrolls
 b - 2 scrolls of identify
 e - a scroll of noise
 h - 2 scrolls of blinking {unknown}
 i - a scroll of fog
 j - 2 scrolls of poison
 m - a scroll of teleportation
 o - 3 scrolls of vulnerability
 v - 3 scrolls of torment
 w - a scroll of revelation
 y - 3 scrolls of immolation
Potions
 g - a potion of magic
 k - a potion of might
 n - 4 potions of brilliance
 p - a potion of berserk rage
 u - a potion of lignification
 x - 2 potions of resistance


   Skills:
 + Level 7.8 Fighting
 + Level 13.6 Ranged Weapons
 + Level 4.6 Armour
 + Level 2.9 Dodging
 + Level 1.7 Stealth


You had 10 spell levels left.
You didn't know any spells.
Your spell library contained the following spells:

 Spells                   Type           Power      Damage    Failure   Level
 Blink                    Tloc           0%         N/A       69%         2
 Dazzling Flash           Conj/Hex       0%         N/A       89%         3
 Gell's Gravitas          Tloc           0%         N/A       89%         3
 Mephitic Cloud           Conj/Alch/Air  0%         N/A       89%         3
 Teleport Other           Tloc           0%         N/A       89%         3
 Alistair's Intoxication  Alch           0%         N/A       100%        5
 Borgnjor's Vile Clutch   Necr/Erth      0%         N/A       100%        5
 Curse of Agony           Necr           0%         N/A       100%        5
 Silence                  Hex/Air        0%         N/A       100%        5
 Dispersal                Tloc           0%         N/A       100%        6
 Eringya's Noxious Bog    Alch           0%         4d6       100%        6
 Disjunction              Tloc           0%         N/A       100%        8
 Summon Ice Beast         Ice/Summ       Unusable   N/A       N/A         3

Dungeon Overview and Level Annotations

Branches:
Dungeon (9/15)             Temple (1/1) D:7            Lair (2/5) D:9
  Swamp: Lair:2-3    Shoals: Lair:2-3     Snake: Lair:2-3    Spider: Lair:2-3
    Orc: D:9-12

Altars:
Ashenzari
Cheibriados
Dithmenos
Elyvilon
Fedhas
Gozag
Hepliaklqana
Kikubaaqudgha
Makhleb
Nemelex Xobeh
Okawaru
Qazlal
Ru
Sif Muna
Trog
Uskayaw
Vehumet
Wu Jian
Xom
Yredelemnul
Zin
The Shining One

Annotations:
D:5 2 transporters, Wizard1ke's ghost, weakling FoDe
Lair:1 2 transporters, Wylia's ghost, novice MDFi
Lair:2 Erica


Innate Abilities, Weirdness & Mutations

You can wield a second weapon in your off-hand.
It takes a long time for you to wield or remove held weapons.
Your first few attacks do less damage.
You cannot equip rings or amulets.
You have supernaturally acute eyesight. (SInv)
You are vulnerable to heat. (rF-)
You occasionally lose the ability to drink potions when taking damage.


Message History

* * * LOW HITPOINT WARNING * * *
Erica constricts you.
* * * LOW HITPOINT WARNING * * *
You feel better.
Erica zaps a wand.
Your will is overpowered!
You are confused.
Erica constricts you.
You feel better. Erica hits you but does no damage. Erica constricts you.
You feel better. Erica casts a spell at you. The bolt of poison hits you!
You resist. Erica constricts you.
* * * LOW HITPOINT WARNING * * *
You fail to use your ability.
Erica casts a spell at you. You resist with significant effort.
Erica constricts you.
* * * LOW HITPOINT WARNING * * *
You shoot a sling bullet. The sling bullet hits Erica.
Erica is severely wounded.
You shoot a sling bullet.
The sling bullet completely misses Erica.
The sling bullet barely misses the komodo dragon.
Erica screams, "You'll never get it!"
Erica stares at you and mumbles some strange words.
The bolt of poison hits you.
You are poisoned.
You resist.
* * * LOW HITPOINT WARNING * * *
Erica constricts you.
* * * LOW HITPOINT WARNING * * *
Okay, then.
You shoot a sling bullet. The sling bullet hits Erica.
Erica is almost dead.
You shoot a sling bullet. The sling bullet hits Erica.
Erica is almost dead.
* * * LOW HITPOINT WARNING * * *
You feel very sick.
Erica hits you with a +4 scimitar of flaming.
* * * LOW HITPOINT WARNING * * *
Erica burns you.
You die...
Erica begins burbling mirthfully and uncontrollably.

#....†.... ##.........# ##....
.##.......... #.x... ...........
#P.... ......... ####Y. #......
###x. ..... #.... #..# #..##
P#.#'### #@# ####.##P .......#
#x## #P##.... .......# ##l.#
#....... .......## #..######
##.....x. ........#
#..##P#.###........ ........#
####..........'.......
.......#####......###..###.......
.......'...........##### ###..#+#
.......###.##P##.### ####..


You could see Erica (invisible) and a komodo dragon (drained).

Vanquished Creatures
  A two-headed ogre (D:8)
  Joseph (D:9)
  3 black mambas (Lair:2)
  2 cane toads (Lair:1)
  A rime drake (Lair:2)
  A komodo dragon (D:9)
  A hornet (Lair:2)
  Grinder (D:3)
  Eustachio (D:6)
  7 yaks (D:9)
  A basilisk (D:9)
  2 wyverns
  Menkaure (D:7)
  A steam dragon (D:8)
  2 acid dragons (D:8)
  3 water moccasins
  An orc warrior (D:7)
  2 ice beasts
  2 sky beasts
  3 ogres (D:5)
  3 centaurs
  2 phantoms
  6 bullfrogs
  2 gnoll sergeants
  A scorpion (D:6)
  5 wights (D:8)
  3 killer bees (D:9)
  4 howler monkeys
  2 bombardier beetles
  A gnoll bouda (D:8)
  5 hounds
  An orc priest (D:7)
  2 sleepcaps
  Ijyb (D:3)
  5 iguanas
  9 orc wizards
  15 gnolls
  6 adders
  A shadow imp (D:6)
  2 white imps
  4 ufetubi (D:6)
  5 dart slugs
  25 orcs
  7 ball pythons
  6 endoplasms
  3 giant cockroaches
  9 goblins
  4 hobgoblins
  4 jackals
  A quokka (D:4)
  10 bats
  2 frilled lizards (D:1)
  7 kobolds
  4 rats
204 creatures vanquished.

Notes
Turn   | Place    | Note
-------+----------+-------------------------------------------
     0 | D:1      | PidgeyThePirate the Coglin Hunter began the quest for the
                  | Orb.
     0 | D:1      | Reached XP level 1. HP: 16/16 MP: 1/1
   128 | D:1      | Reached skill level 4 in Ranged Weapons
   128 | D:1      | Reached XP level 2. HP: 22/22 MP: 2/2
   821 | D:1      | Reached XP level 3. HP: 23/27 MP: 3/3
  1052 | D:2      | Reached XP level 4. HP: 33/33 MP: 4/4
  1602 | D:3      | Reached skill level 5 in Ranged Weapons
  1648 | D:3      | Noticed Grinder
  1652 | D:3      | Paralysed by Grinder for 4 turns
  1662 | D:3      | Killed Grinder
  1663 | D:3      | Reached skill level 6 in Ranged Weapons
  1663 | D:3      | Reached skill level 1 in Armour
  1663 | D:3      | Reached skill level 1 in Stealth
  1663 | D:3      | Reached XP level 5. HP: 27/39 MP: 5/5
  1663 | D:3      | Reached XP level 6. HP: 31/46 MP: 6/6
  1757 | D:3      | Noticed Ijyb
  1765 | D:3      | Killed Ijyb
  2445 | D:4      | Reached XP level 7. HP: 52/52 MP: 7/7
  2622 | D:4      | Reached skill level 7 in Ranged Weapons
  2917 | D:4      | Found a snail-covered altar of Cheibriados.
  2940 | D:4      | Found a hide-covered altar of Uskayaw.
  3036 | D:5      | Entered Level 5 of the Dungeon
  3087 | D:5      | Found a transporter.
  3091 | D:5      | Found a transporter.
  3091 | D:5      | Noticed Wizard1ke's ghost (weakling FoDe)
  3129 | D:5      | Reached skill level 8 in Ranged Weapons
  3129 | D:5      | Reached XP level 8. HP: 51/60 MP: 8/8
  3217 | D:5      | Found a glowing silver altar of Zin.
  3476 | D:5      | Found a radiant altar of Vehumet.
  3481 | D:5      | Found a sparkling altar of Nemelex Xobeh.
  3701 | D:6      | Noticed Eustachio
  3739 | D:6      | Killed Eustachio
  3740 | D:6      | Reached skill level 9 in Ranged Weapons
  4316 | D:7      | Reached skill level 5 in Fighting
  4415 | D:6      | Reached XP level 9. HP: 14/68 MP: 9/9
  4757 | D:7      | Found a staircase to the Ecumenical Temple.
  4781 | Temple   | Entered the Ecumenical Temple
  4893 | D:7      | Noticed Menkaure
  4900 | D:7      | Killed Menkaure
  5130 | D:7      | Gained mutation: You occasionally lose the ability to drink
                  | potions when taking damage. [potion of mutation]
  5130 | D:7      | Gained mutation: You are vulnerable to heat. (rF-) [potion
                  | of mutation]
  5130 | D:7      | Gained mutation: You have supernaturally acute eyesight.
                  | (SInv) [potion of mutation]
  5140 | D:7      | Reached skill level 10 in Ranged Weapons
  5633 | D:7      | Identified a scroll of acquirement
  5637 | D:7      | Acquired the +5 sling "Vixe" {drain, rPois Int+3}
  5797 | D:7      | Got the Incunabulum of the Rallied Compass
  6338 | D:8      | Noticed a two-headed ogre
  6469 | D:8      | Reached skill level 11 in Ranged Weapons
  6717 | D:8      | Reached XP level 10. HP: 71/76 MP: 10/10
  6779 | D:8      | Killed a two-headed ogre
  6932 | D:8      | Found a shimmering blue altar of Sif Muna.
  6966 | D:8      | Found a bloodstained altar of Trog.
  7059 | D:8      | Found an iron altar of Okawaru.
  7068 | D:8      | Became a worshipper of Warmaster Okawaru
  7196 | D:9      | Reached skill level 12 in Ranged Weapons
  7250 | D:9      | Found a broken altar of Ashenzari.
  7351 | D:9      | Noticed Joseph
  7357 | D:9      | Reached * piety under Okawaru
  7614 | D:9      | Found a staircase to the Lair.
  7985 | D:9      | Found an ornate altar of the Wu Jian Council.
  8243 | D:9      | Identified the +0 leather armour of Olamykoq {Int+3}
  8321 | D:9      | Killed Joseph
  8430 | Lair:1   | Entered Level 1 of the Lair of Beasts
  8511 | Lair:1   | Reached ** piety under Okawaru
  8512 | Lair:1   | Reached skill level 13 in Ranged Weapons
  8515 | Lair:1   | Reached XP level 11. HP: 69/84 MP: 11/11
  8643 | Lair:1   | Noticed an eight-headed hydra
  8654 | Lair:1   | Noticed Wylia's ghost (novice MDFi)
  8664 | Lair:1   | Found a transporter.
  8667 | Lair:1   | Found a transporter.
  9831 | Lair:2   | Noticed a death yak
  9838 | Lair:2   | Noticed Erica
 10318 | Lair:2   | HP: 1/86 [Erica/+4 scimitar of flaming (6)]
 10318 | Lair:2   | Slain by Erica

Illustrated notes

Levels and vault maps discovered:
D:1:      scummos_arrival_hexagon, layout_basic
D:2:      layout_rooms, serial_aquarium, aquarium_bridge_square
          [aquarium_subvault_wall, aquarium_subvault_bridge,
          aquarium_subvault_wall, aquarium_subvault_bridge], aquarium_window_1,
          aquarium_window_corridor_2, aquarium_window_corner, aquarium_view_2b,
          aquarium_view_2b, aquarium_balcony_double_1, aquarium_pool_2
D:3:      cheibrodos_old_hovel, layout_loops_ring, amethyst_killhole, uniq_ijyb,
          uniq_grinder
D:4:      layout_cave_pools, mainiacjoe_overflow_two_lobes,
          hangedman_abyss_or_decor_stabs
D:5:      layout_rooms, mainiacjoe_overflow_alcove_4, jmf_multi_god_temple2,
          gammafunk_ghost_arena
D:6:      layout_loops_cross, corexii_leaking_fountain, uniq_eustachio
D:7:      layout_basic, minmay_temple_entry_butterflies, uniq_menkaure
D:8:      layout_basic, overflow_temple_1_default, mainiacjoe_overflow_alcove_2,
          kennysheep_little_box
D:9:      layout_loops_ring, nicolae_wu_jian_wuxing_cycle,
          cheibrodos_ashenzari_chains, david_lair_shrubbed, uniq_joseph
Temple:   hellmonk_temple_two_chambers
Lair:1:   layout_cave_pods, nzn_ghost_randoct, grunt_megastairs_4
Lair:2:   layout_roguey, alex1729_snake_entry_snake, uniq_erica

Skill      XL: |  1  2  3  4  5  6  7  8  9 10 |
---------------+-------------------------------+-----
Ranged Weapons | 4 6 8 9 11 13 | 13.6
Armour         | 1 2 3 4 |  4.6
Stealth        | 1 |  1.7
Fighting       | 3 5 6 7 |  7.8
Dodging        | 2 |  2.9

Action                     |  1- 3 |  4- 6 |  7- 9 | 10-12 || total
---------------------------+-------+-------+-------+-------++-------
  Melee: Sling             |       |     6 |    16 |       ||    22
   Fire: Sling             |   116 |   168 |   720 |   430 ||  1434
    Use: Scroll            |       |       |    11 |     6 ||    17
         Potion            |       |       |    11 |     8 ||    19
 Armour: Leather armour    |     4 |     8 |       |       ||    12
         Ring mail         |       |    16 |   118 |    90 ||   224
         Skin              |       |       |    11 |       ||    11
  Dodge: Dodged            |     6 |    14 |    73 |    36 ||   129

Table legend: (Time is in decaauts)
 A = Elapsed time spent in this place.
 B = Non-inter-level travel time spent in this place.
 C = Inter-level travel time spent in this place.
 D = Time resting spent in this place.
 E = Time spent auto-exploring this place.
 F = Levels seen in this place.
 G = Mean time per level.
                   A        B        C        D        E       F      G
               +--------+--------+--------+--------+--------+-----+--------+
         Total |  10305 |  10017 |    288 |      0 |   8490 |  12 |  858.8 |
       Dungeon |   8428 |   8237 |    191 |      0 |   6934 |   9 |  936.4 |
        Temple |      1 |      1 |      0 |      0 |      0 |   1 |    1.0 |
          Lair |   1875 |   1778 |     97 |      0 |   1556 |   2 |  937.5 |
               +--------+--------+--------+--------+--------+-----+--------+

Top non-repeatable levels by time:
     D:7: 1568 daAuts
  Lair:1: 1251 daAuts
     D:9: 1225 daAuts
     D:8: 1110 daAuts
     D:1: 1010 daAuts
     D:3: 969 daAuts
     D:6: 910 daAuts
     D:4: 730 daAuts
  Lair:2: 623 daAuts
     D:5: 542 daAuts
     D:2: 362 daAuts
  Temple: 1 daAuts
